 Dungeon Crawl Stone Soup version 0.25.1-2-g60ff931df9 (webtiles) character file.

Game seed: 2048386609612135526

397230 Amplified the Warrior (level 22, -21/185 HPs)
             Began as a Demonspawn Venom Mage on Oct 20, 2020.
             Was the Champion of Okawaru.
             Demolished by a caustic shrike simulacrum (53 damage)
             ... animated by a necromancer
             ... on level 2 of the Depths on Oct 21, 2020.
             The game lasted 01:13:19 (50129 turns).

Amplified the Warrior (Demonspawn Venom Mage)      Turns: 50129, Time: 01:13:20

Health: -21/185    AC: 20    Str: 24    XL:     22   Next: 21%
Magic:  0/37       EV: 25    Int: 22    God:    Okawaru [******]
Gold:   485        SH: 17    Dex: 17    Spells: 39/44 levels left

rFire    + + .     SeeInvis .   M - +9 broad axe (venom)
rCold    . . .     Gourm    .   Z - +5 kite shield {rC+ rF+}
rNeg     + . .     Faith    .   i - +4 ring mail of Modesty {Slay+3}
rPois    +         Spirit   +   L - +2 helmet
rElec    .         Reflect  .   O - scarf {harm}
rCorr    .         Harm     +   Y - +2 pair of gloves {Str+3}
MR       +....                  (boots unavailable)
Stlth    ++........             n - amulet of regeneration
HPRegen  0.80/turn              R - ring of the Lumpy Runes {rN+ Int+4 Dex+3}
MPRegen  0.50/turn              g - ring of Bolohu {Fire rPois Str+4 Stlth+}

@: finesse, studying Maces & Flails, repel missiles
A: hooves 3, repulsion field 3, spiny 3, magic shield, magic regeneration, magic
link
}: 2/15 runes: decaying, serpentine
a: Heroism, Finesse, Renounce Religion


You were on level 2 of the Depths.
You worshipped Okawaru.
Okawaru was exalted by your worship.
You were not hungry.

You visited 9 branches of the dungeon, and saw 42 of its levels.
You also visited: Ice Cave.

You collected 4674 gold pieces.
You spent 4189 gold pieces at shops.

Inventory:

Hand Weapons
 H - a +4 antimagic demon whip
 M - a +9 broad axe of venom (weapon)
 N - the +9 dire flail "Vytheico" {freeze, MP+9}
   (Okawaru gifted it to you on level 4 of the Lair of Beasts)

   It has been specially enchanted to freeze those struck by it, causing extra
   injury to most foes and up to half again as much damage against particularly
   susceptible opponents.
   It can also slow down cold-blooded creatures.
   It affects your magic capacity (+9).
Missiles
 l - 122 poisoned darts
 t - a throwing net
 W - 2 curare-tipped darts (quivered)
Armour
 i - the +4 ring mail of Modesty (worn) {Slay+3}
   (You took it off an orc priest on level 7 of the Dungeon)

   It affects your accuracy and damage with ranged weapons and melee attacks
   (+3).
 r - the +11 tower shield of Anarchy {SInv}
   (You found it on level 3 of the Elven Halls)

   It lets you see invisible.
 G - the cursed +0 pair of gloves "Puxufeomm" {Dex+3 SInv Stlth+}
   (You found it on level 3 of the Elven Halls)

   It affects your dexterity (+3).
   It lets you see invisible.
   It makes you more stealthy.
   It has a curse placed upon it.
 L - a +2 helmet (worn)
 O - a scarf of harm (worn)
 P - the cursed +0 troll leather armour of Fedhas's Favour {-Tele rF+ Regen+ Slay+2}
   (You bought it in a shop on level 3 of the Elven Halls)

   It affects your accuracy and damage with ranged weapons and melee attacks
   (+2).
   It protects you from fire.
   It prevents most forms of teleportation.
   It increases your rate of regeneration.
   It has a curse placed upon it.
 Y - a +2 pair of gloves of strength (worn)
 Z - a +5 kite shield of resistance (worn)
Jewellery
 g - the ring of Bolohu (right hand) {Fire rPois Str+4 Stlth+}
   (You found it on level 4 of the Lair of Beasts)

   [ring of fire]

   It enhances your fire magic.
   It affects your strength (+4).
   It protects you from fire.
   It makes you vulnerable to cold.
   It protects you from poison.
   It makes you more stealthy.
 n - an amulet of regeneration (around neck)
 y - the ring of Incredulity {rF- rC++ Dex+5 Stlth+}
   (You took it off a naga on level 4 of the Snake Pit)

   [ring of stealth]

   It affects your dexterity (+5).
   It makes you vulnerable to fire.
   It greatly protects you from cold.
   It makes you more stealthy.
 R - the ring of the Lumpy Runes (left hand) {rN+ Int+4 Dex+3}
   (You found it on level 3 of the Elven Halls)

   [ring of positive energy]

   It affects your intelligence (+4).
   It affects your dexterity (+3).
   It protects you from negative energy.
 T - an uncursed amulet of the acrobat {unknown}
Wands
 k - a wand of clouds (18)
 s - a wand of iceblast (29)
 D - a wand of acid (49)
 J - a wand of digging (14)
 X - a wand of paralysis (21)
Scrolls
 a - 21 scrolls of remove curse
 d - 5 scrolls of fear
 h - 18 scrolls of identify
 j - 5 scrolls of enchant armour
 p - 2 scrolls of immolation
 E - 8 scrolls of amnesia
 F - 8 scrolls of teleportation
 K - 2 scrolls of summoning
Potions
 e - 2 potions of ambrosia
 f - 4 potions of magic
 m - 5 potions of haste
 o - 21 potions of curing
 q - 6 potions of might
 u - 2 potions of resistance
 v - 7 potions of brilliance
 w - 11 potions of lignification
 z - 2 potions of heal wounds
 I - 2 potions of flight
 S - 2 potions of mutation
 U - 6 potions of stabbing
Books
 B - a manual of Maces & Flails
Miscellaneous
 b - 2 phantom mirrors
Comestibles
 c - 40 rations
 x - 7 chunks of flesh


   Skills:
 - Level 18.5 Fighting
 * Level 12.2(15.0) Axes
 - Level 14.6(16.1) Maces & Flails
 - Level 15.8 Armour
 - Level 15.3 Dodging
 - Level 1.7 Stealth
 * Level 9.0 Shields
 - Level 11.8 Spellcasting
 - Level 7.0 Conjurations
   Level 0.8 Transmutations
 - Level 3.7 Air Magic
 - Level 3.5 Poison Magic
 - Level 11.0 Invocations


You had 39 spell levels left.
You knew the following spells:

 Your Spells              Type           Power        Failure   Level  Hunger
b - Poisonous Vapours     Pois/Air       ####..       4%          2    None
c - Mephitic Cloud        Conj/Pois/Air  ####....     6%          3    None

Your spell library contained the following spells:

 Spells                   Type           Power        Failure   Level  Hunger
 Shock                    Conj/Air       ####         1%          1    None
 Foxfire                  Conj/Fire      ####         3%          1    None
 Static Discharge         Conj/Air       #####...     4%          3    None
 Sting                    Tmut/Pois      ###.         6%          1    None
 Swiftness                Chrm/Air       ###.....     10%         2    None
 Beastly Appendage        Tmut           ###...       11%         1    None
 Conjure Flame            Conj/Fire      #####...     11%         3    None
 Summon Small Mammal      Summ           ##..         14%         1    None
 Sticks to Snakes         Tmut           ###.....     16%         2    None
 Spider Form              Tmut/Pois      ###.......   17%         3    None
 Call Imp                 Summ           ##......     22%         2    None
 Ignite Poison            Fire/Tmut/Pois ####....     24%         3    None
 Airstrike                Air            ####......   30%         4    None
 Olgreb's Toxic Radiance  Pois           ####....     32%         4    None
 Sticky Flame             Conj/Fire      #####...     34%         4    None
 Call Canine Familiar     Summ           ##......     41%         3    None
 Confusing Touch          Hex            ##......     41%         3    None
 Gell's Gravitas          Tloc           ##........   41%         3    None
 Inner Flame              Hex/Fire       ###.....     41%         3    None
 Recall                   Summ/Tloc      N/A          41%         3    None
 Summon Guardian Golem    Hex/Summ       ##......     41%         3    None
 Lightning Bolt           Conj/Air       #####.....   41%         5    ####...
 Summon Lightning Spire   Summ/Air       ###.....     54%         4    None
 Fireball                 Conj/Fire      #####.....   67%         5    ####...
 Petrify                  Tmut/Erth      ##......     77%         4    None
 Animate Dead             Necr           N/A          82%         4    None
 Cause Fear               Hex            ##........   82%         4    None
 Summon Ice Beast         Ice/Summ       ##......     82%         4    None
 Silence                  Hex/Air        ###.......   88%         5    ####...
 Yara's Violent Unravell  Hex/Tmut       ##........   98%         5    ####...
 Borgnjor's Vile Clutch   Necr/Erth      ##........   99%         5    ####...
 Metabolic Englaciation   Hex/Ice        ##........   99%         5    ####...
 Starburst                Conj/Fire      #####.....   99%         6    #####..
 Death Channel            Necr           ##........   100%        6    #####..
 Eringya's Noxious Bog    Tmut/Pois      ###.......   100%        6    #####..
 Simulacrum               Ice/Necr       ##........   100%        6    #####..
 Statue Form              Tmut/Erth      ##.......    100%        6    #####..
 Ring of Flames           Chrm/Fire      ###.......   100%        7    #######
 Discord                  Hex            ##........   100%        8    #######
 Ignition                 Fire           ###.......   100%        8    #######
 Shatter                  Erth           ##........   100%        9    #######
 Tornado                  Air            ####......   100%        9    #######


Dungeon Overview and Level Annotations

Branches:
Dungeon (15/15)            Temple (1/1) D:6            Lair (6/6) D:8
  Swamp (4/4) Lair:4        Snake (4/4) Lair:4        Slime (0/5) Lair:5
    Orc (2/2) D:12            Elf (3/3) Orc:2        Vaults (4/5) D:14
  Crypt (0/3) Vaults:2     Depths (3/5) D:15          IceCv (visited)

Altars:
Ashenzari
Cheibriados
Dithmenos
Elyvilon
Fedhas
Gozag
Hepliaklqana
Kikubaaqudgha
Makhleb
Nemelex Xobeh
Okawaru
Qazlal
Ru
Sif Muna
Trog
Uskayaw
Vehumet
Wu Jian
Xom
Yredelemnul
Zin
The Shining One
Beogh
Jiyva

Shops:
D:8 (   D:10 !   D:11 *   Orc:2 (%*:   Elf:1 %   Elf:2 ?   Elf:3 [*[
Snake:2 ?   Snake:3 }==   Snake:4 =   Vaults:1 }   Vaults:2 *

Portals:
Trove: Vaults:4 (give +5 demon whip)

Annotations:
Lair:2 exclusion: 2 oklob plants
Lair:5 1 runed translucent door
Swamp:1 5 transporters
Elf:3 Consider progression. Bad boons.
Vaults:4 Quick depths/hell for demon whip.
Depths:2 Saint Roka


Innate Abilities, Weirdness & Mutations

You have hooves in place of feet.
You are surrounded by a strong repulsion field. (EV +4, RMsl)
You are completely covered in sharp spines.
When hurt, damage is shared between your health and your magic reserves.
You regenerate magic rapidly.
When low on magic, you restore magic in place of health.


Message History

The caustic shrike simulacrum is struck by your spines.
The caustic shrike simulacrum misses you.
Unknown command.
You feel much better.
The caustic shrike simulacrum is struck by your spines.
The caustic shrike simulacrum misses you.
Unknown command.
Evoke which item? (* to show all) (? for menu, Esc to quit)
Okay, then.
Unknown command.
Evoke which item? (* to show all) (? for menu, Esc to quit)
Aiming: Cloud Cone
Press: ? - help, Dir - move target cursor, f - caustic shrike simulacrum
Aim: a caustic shrike simulacrum (almost destroyed)
You create a blast of noxious fumes!
You block the caustic shrike simulacrum's attack.
The caustic shrike simulacrum claws you!
* * * LOW HITPOINT WARNING * * *
The caustic shrike simulacrum freezes you!!!
You die...

##### ### #.#.# #.# #)##
#.# ***
##.###.####********,*
##........,,,,,,,,,*
#.##.######******,* *
#..@§.....# *,* ***
#######Z####.#######,* ,,*
#......Z§...........,* ,,*
#....Z######.######*** ,,*
#....p# #......[.,* ,,*
****#..o.†# #########,*
,,*****,..#....(# *,,,*
*,*
,,+,,,,,..'....>######.#,*
*,*
,,*****,..#......(.....#,*
*,*


You could see a caustic shrike simulacrum and a frost giant skeleton.

Vanquished Creatures
  Mara (Snake:4)
  Vashnia (Snake:4)
  A caustic shrike (Depths:2)
  Nikola (Depths:1)
  Rupert (D:15)
  Jorgrun (Orc:2)
  Asterion (Elf:1)
  2 liches
  2 deep elf blademasters (Elf:3)
  A deep elf master archer (Elf:3)
  Frances (Elf:1)
  3 thorn hunters
  Agnes (Snake:1)
  3 fire giants
  2 tengu reavers
  7 nagarajas
  Roxanne (Snake:4)
  7 deep elf sorcerers
  7 vault wardens
  An orc warlord (Orc:2)
  7 deep elf elementalists (Elf:3)
  Aizul (Snake:1)
  9 ironheart preservers
  2 green draconians (Swamp:3)
  6 stone giants
  9 very ugly things
  7 deep elf demonologists
  5 deep elf annihilators
  The ghost of Qrupt the Frost Mage, a journeyman DrIE (Lair:2)
  The ghost of Seevig the Fighter, a journeyman DrTm of Lugonu (Lair:4)
  2 ettins (Depths:2)
  Snorg (Lair:3)
  The ghost of Elebi the Grappler, a journeyman DrTm of Yredelemnul (Lair:2)
  4 deep elf death magi
  5 fire dragons
  2 crystal guardians
  3 deep elf high priests
  The ghost of patan the Basher, a journeyman TrMo (D:10)
  3 jiangshi
  Josephine (D:15)
  The ghost of xzight the Cleaver, a journeyman MiBe of Trog (D:11)
  3 great orbs of eyes
  14 naga warriors
  10 yaktaur captains
  A rakshasa (Vaults:3)
  The ghost of DungeonDestroyer the Blocker, a journeyman GnFi of Qazlal (Lair:2)
  A ghost crab (Swamp:4)
  5 anacondas
  9 ice dragons
  9 centaur warriors
  3 shambling mangroves
  A vault guard (D:14)
  3 catoblepae (Lair:6)
  23 hydras
  29 dancing weapons
  3 death knights
  12 ogre magi
  2 deep troll shamans
  8 alligators
  34 two-headed ogres
  6 death yaks (Lair:6)
  A vampire mage (D:15)
  10 shock serpents
  5 orc high priests
  25 naga sharpshooters
  Sonja (D:13)
  6 hell knights
  16 deep elf knights
  Nergalle (D:10)
  6 unseen horrors
  A fire crab (shapeshifter) (Vaults:1)
  7 naga ritualists
  9 deep trolls
  A glowing orange brain (shapeshifter) (Vaults:3)
  A skeletal warrior (Vaults:4)
  2 flayed ghosts
  An unseen horror (shapeshifter) (Vaults:3)
  A salamander mystic (Snake:3)
  4 wizards
  12 swamp dragons
  12 deep elf archers
  3 glowing orange brains
  6 ironbrand convokers
  A lindwurm (Swamp:4)
  49 deep elf magi
  2 phantasmal warriors
  12 mana vipers
  13 orc knights
  4 harpies (Vaults:4)
  7 orc sorcerers
  A necromancer (IceCv)
  10 ugly things
  3 wolf spiders
  9 cyclopes
  8 manticores
  A salamander (shapeshifter) (Vaults:3)
  13 salamanders
  5 centaur zombies
  21 naga magi
  8 elephants
  3 ice statues (IceCv)
  3 guardian serpents
  A guardian serpent (shapeshifter) (Vaults:2)
  6 vault sentinels
  36 black mambas
  A gargoyle (D:11)
  A torpor snail (Lair:5)
  10 spiny frogs
  2 kobold demonologists (D:14)
  5 rime drakes
  6 freezing wraiths
  A komodo dragon (shapeshifter) (D:15)
  9 komodo dragons
  An efreet (D:14)
  25 yaktaurs
  8 ice devils (IceCv)
  A tengu conjurer (D:14)
  3 meliai (D:14)
  12 trolls
  A troll (shapeshifter) (Vaults:3)
  A queen bee (D:9)
  A polar bear (shapeshifter) (Depths:2)
  9 bog bodies
  6 hippogriffs
  9 hornets
  A hornet (shapeshifter) (Vaults:2)
  25 slime creatures
  A hippogriff (shapeshifter) (Elf:1)
  11 tyrant leeches
  Prince Ribbit (D:5)
  7 blink frogs (Lair:6)
  A shadow (D:14)
  4 water elementals
  2 spriggans (shapeshifter)
  A tarantella (shapeshifter) (Vaults:3)
  5 wyverns
  5 air elementals
  2 vampires
  80 yaks
  A fire elemental (Elf:2)
  10 wraiths
  4 basilisks
  A yak (shapeshifter) (Vaults:2)
  21 vampire mosquitoes
  5 steam dragons (Swamp:4)
  A golden eye (shapeshifter) (Depths:1)
  A hungry ghost (D:11)
  A death yak simulacrum (Lair:4)
  18 swamp worms
  4 wargs
  49 nagas
  11 water moccasins
  A soldier ant (shapeshifter) (D:15)
  3 acid dragons
  4 sky beasts
  6 porcupines
  16 swamp drakes
  3 eyes of draining
  2 hornet zombies
  4 phantoms
  52 orc warriors
  2 black bears
  An eye of draining (shapeshifter) (D:15)
  14 ice beasts
  46 ogres
  A tengu (shapeshifter) (Vaults:3)
  A necrophage (D:10)
  3 boggarts (Vaults:3)
  10 centaurs
  10 crocodiles
  14 bullfrogs
  6 big kobolds
  An earth elemental (Elf:2)
  A wyvern zombie (D:9)
  6 scorpions
  A blink frog simulacrum (Lair:4)
  2 water moccasin skeletons
  An elephant simulacrum (Lair:4)
  18 killer bees
  9 wights
  2 rime drake simulacra (Lair:4)
  4 howler monkeys
  A human simulacrum (Vaults:3)
  4 crimson imps
  4 draconian simulacra (IceCv)
  9 hounds
  A jelly (D:9)
  A komodo dragon simulacrum (Lair:4)
  32 orc priests
  28 orc wizards
  3 bullfrog skeletons
  3 centaur skeletons
  Ijyb (D:4)
  3 iguanas
  A spriggan simulacrum (IceCv)
  10 worker ants
  A troll simulacrum (IceCv)
  A centaur simulacrum (IceCv)
  2 basilisk simulacra (Lair:4)
  A hound zombie (D:5)
  A worker ant zombie (D:5)
  7 gnolls (D:6)
  A gnoll (shapeshifter) (Vaults:3)
  9 adders
  2 naga simulacra (IceCv)
  An ogre simulacrum (IceCv)
  4 shadow imps
  3 white imps (Lair:5)
  An adder skeleton (D:5)
  2 worms
  3 leopard geckos
  137 orcs
  4 giant cockroaches
  4 goblins
  12 hobgoblins
  7 jackals
  17 kobolds
  5 quokkas
  3 ball pythons
  A frilled lizard (D:2)
  A giant cockroach zombie (D:6)
  A jackal zombie (D:5)
  A leopard gecko skeleton (D:5)
  A quokka zombie (D:5)
  3 rats
  A briar patch (Swamp:4)
  A plant (D:2)
1609 creatures vanquished.

Vanquished Creatures (collateral kills)
  A deep elf master archer (Elf:3)
  A deep elf demonologist (Elf:3)
  2 naga ritualists (Snake:4)
  2 naga magi (Snake:4)
  3 nagas (Snake:4)
9 creatures vanquished.

Vanquished Creatures (others)
  Nessos (D:15)
  An alligator (Swamp:4)
  A two-headed ogre (Depths:1)
  2 lindwurms (Swamp:4)
  A deep elf archer (Vaults:4)
  3 deep elf magi
  An ugly thing (Depths:1)
  2 yaktaurs
  4 swamp drakes (Swamp:4)
  3 briar patches (Swamp:4)
  7 fungi
  5 plants
  4 withered plants (Lair:2)
35 creatures vanquished.

Grand Total: 1653 creatures vanquished

Notes
Turn   | Place    | Note
-------+----------+-------------------------------------------
     0 | D:1      | Amplified the Demonspawn Venom Mage began the quest for the
                  | Orb.
     0 | D:1      | Reached XP level 1. HP: 13/13 MP: 3/3
   715 | D:1      | Gained mutation: You are partially covered in sharp spines.
                  | [demonic ancestry]
   715 | D:1      | Reached XP level 2. HP: 17/20 MP: 5/5
  1057 | D:2      | Reached skill level 1 in Fighting
  1569 | D:2      | Reached skill level 1 in Maces & Flails
  1883 | D:2      | Reached XP level 3. HP: 26/26 MP: 4/6
  2901 | D:3      | Learned a level 2 spell: Poisonous Vapours
  3130 | D:3      | Reached skill level 2 in Fighting
  3130 | D:3      | Reached XP level 4. HP: 22/33 MP: 5/7
  3246 | D:3      | Reached skill level 1 in Air Magic
  3634 | D:3      | Found an opulent altar of Gozag.
  3828 | D:3      | Reached XP level 5. HP: 30/39 MP: 2/8
  4495 | D:4      | Noticed Ijyb
  4593 | D:4      | Killed Ijyb
  4593 | D:4      | Reached skill level 3 in Fighting
  5207 | D:5      | Entered Level 5 of the Dungeon
  5261 | D:5      | Gained mutation: You have large cloven feet. [demonic
                  | ancestry]
  5261 | D:5      | Reached XP level 6. HP: 46/47 MP: 9/9
  5403 | D:5      | Noticed a sky beast
  5430 | D:5      | Killed a sky beast
  5894 | D:5      | Noticed Prince Ribbit
  5897 | D:5      | Killed Prince Ribbit
  5897 | D:5      | Reached skill level 4 in Fighting
  5897 | D:5      | Reached XP level 7. HP: 44/54 MP: 10/10
  6101 | D:5      | Learned a level 3 spell: Mephitic Cloud
  6193 | D:5      | Found a basalt altar of Yredelemnul.
  6646 | D:6      | Found a staircase to the Ecumenical Temple.
  6686 | Temple   | Entered the Ecumenical Temple
  6691 | Temple   | Reached skill level 1 in Conjurations
  7039 | Temple   | Became a worshipper of Warmaster Okawaru
  7096 | D:6      | Reached skill level 5 in Fighting
  7096 | D:6      | Reached XP level 8. HP: 62/62 MP: 0/11
  7231 | D:6      | Reached skill level 1 in Invocations
  7252 | D:6      | Reached skill level 5 in Maces & Flails
  7753 | D:6      | Reached * piety under Okawaru
  8255 | D:7      | Reached skill level 6 in Fighting
  8387 | D:7      | You fall into a shaft and drop 1 floor!
  8391 | D:8      | Found Inugewk's Weapon Shop.
  8565 | D:8      | Gained mutation: When hurt, damage is shared between your
                  | health and your magic reserves. [demonic ancestry]
  8565 | D:8      | Reached XP level 9. HP: 56/69 MP: 12/12
  8871 | D:8      | Reached skill level 5 in Invocations
  9082 | D:7      | Reached ** piety under Okawaru
  9534 | D:7      | Identified the +4 ring mail of Modesty {Slay+3}
 10068 | D:8      | Reached skill level 7 in Fighting
 10068 | D:8      | Reached skill level 5 in Conjurations
 10396 | D:8      | Noticed a two-headed ogre
 10404 | D:8      | Killed a two-headed ogre
 10404 | D:8      | Reached *** piety under Okawaru
 10408 | D:8      | Noticed a two-headed ogre
 10414 | D:8      | Killed a two-headed ogre
 10414 | D:8      | Reached **** piety under Okawaru
 10414 | D:8      | Gained mutation: You have hoof-like feet. [demonic
                  | ancestry]
 10414 | D:8      | Reached XP level 10. HP: 80/80 MP: 12/15
 10437 | D:8      | Found a staircase to the Lair.
 11259 | D:9      | Reached skill level 8 in Fighting
 11872 | D:9      | Noticed a two-headed ogre
 11881 | D:9      | Killed a two-headed ogre
 12093 | D:9      | Reached ***** piety under Okawaru
 12128 | D:9      | Reached skill level 1 in Armour
 12550 | D:10     | Entered Level 10 of the Dungeon
 12680 | D:10     | Killed an unseen horror
 12680 | D:10     | Reached skill level 9 in Fighting
 12680 | D:10     | Gained mutation: You are surrounded by a mild repulsion
                  | field. (EV +2) [demonic ancestry]
 12680 | D:10     | Reached XP level 11. HP: 70/89 MP: 13/18
 12814 | D:10     | Noticed Nergalle
 12826 | D:10     | Killed Nergalle
 12826 | D:10     | Received a gift from Okawaru
 12931 | D:10     | Found a runed translucent door.
 12932 | D:10     | Found a shimmering altar of Xom.
 12932 | D:10     | Noticed patan's ghost (journeyman TrMo)
 12932 | D:10     | Noticed a +3 scimitar of chaos
 12979 | D:10     | Found Nesch's Distillery.
 12987 | D:10     | Bought a potion of haste for 110 gold pieces
 12987 | D:10     | Bought a potion of haste for 110 gold pieces
 12987 | D:10     | Bought a potion of haste for 110 gold pieces
 12987 | D:10     | Bought a potion of curing for 33 gold pieces
 12987 | D:10     | Bought a potion of heal wounds for 55 gold pieces
 12987 | D:10     | Bought a potion of curing for 33 gold pieces
 12987 | D:10     | Bought a potion of heal wounds for 55 gold pieces
 13357 | D:10     | Noticed an orc knight
 13382 | D:11     | Noticed xzight's ghost (journeyman MiBe)
 13463 | D:11     | Found a runed translucent door.
 13508 | D:11     | Noticed a seven-headed hydra
 13518 | D:11     | Killed a seven-headed hydra
 13518 | D:11     | Reached skill level 10 in Invocations
 14021 | D:11     | Found Ziosid's Serpentskin Sales.
 14083 | D:12     | Found a staircase to the Orcish Mines.
 14140 | D:12     | Found a roughly hewn altar of Beogh.
 14247 | D:12     | Found a shimmering altar of Xom.
 14273 | D:12     | Noticed a brown ugly thing
 14290 | D:12     | Killed a brown ugly thing
 14290 | D:12     | Reached skill level 10 in Fighting
 14376 | D:12     | Received a gift from Okawaru
 14545 | D:10     | Killed an orc knight
 14856 | Lair:1   | Entered Level 1 of the Lair of Beasts
 14984 | Lair:1   | Gained mutation: You regenerate magic rapidly. [demonic
                  | ancestry]
 14984 | Lair:1   | Reached XP level 12. HP: 73/97 MP: 14/20
 15076 | Lair:1   | Reached skill level 5 in Armour
 15276 | Lair:1   | Reached ****** piety under Okawaru
 15764 | Lair:1   | Noticed a seven-headed hydra
 15777 | Lair:1   | Killed a seven-headed hydra
 16044 | Lair:2   | Received a gift from Okawaru
 16045 | Lair:2   | Found a frozen archway.
 16117 | IceCv    | Entered an ice cave
 16142 | IceCv    | Received a gift from Okawaru
 16145 | IceCv    | Got a pair of masterwork boots {god gift}
 16156 | IceCv    | Identified the +0 pair of boots of Nuosuets {Regen+ Slay+3}
                  | (Okawaru gifted it to you in an ice cave)
 16438 | IceCv    | Reached skill level 10 in Maces & Flails
 16666 | IceCv    | Reached skill level 11 in Fighting
 16851 | Lair:2   | Noticed a four-headed hydra
 16860 | Lair:2   | Killed a four-headed hydra
 16891 | Lair:2   | Reached skill level 1 in Axes
 16897 | Lair:2   | Reached skill level 5 in Dodging
 16917 | Lair:2   | Found a runed translucent gate.
 16917 | Lair:2   | Found a runed translucent gate.
 16917 | Lair:2   | Found a runed translucent gate.
 16921 | Lair:2   | Noticed Qrupt's ghost (journeyman DrIE)
 16921 | Lair:2   | Noticed Elebi's ghost (journeyman DrTm)
 16921 | Lair:2   | Noticed DungeonDestroyer's ghost (journeyman GnFi)
 16938 | Lair:2   | Noticed an eight-headed hydra
 16947 | Lair:2   | Killed an eight-headed hydra
 17602 | Lair:3   | Gained mutation: You are surrounded by a moderate repulsion
                  | field. (EV +3) [demonic ancestry]
 17602 | Lair:3   | Reached XP level 13. HP: 106/106 MP: 21/21
 18099 | Lair:3   | Noticed Snorg
 18114 | Lair:3   | Killed Snorg
 18475 | Lair:4   | Received a gift from Okawaru
 18481 | Lair:4   | Got an ichor-stained dire flail {god gift}
 18482 | Lair:4   | Identified the +9 dire flail "Vytheico" {freeze, MP+9}
                  | (Okawaru gifted it to you on level 4 of the Lair of Beasts)
 18577 | Lair:4   | Found a staircase to the Snake Pit.
 18610 | Lair:4   | Found a runed translucent gate.
 18610 | Lair:4   | Found a runed translucent gate.
 18611 | Lair:4   | Found a runed translucent gate.
 18786 | Lair:4   | Found a staircase to the Swamp.
 19069 | Lair:4   | Noticed Seevig's ghost (journeyman DrTm)
 19153 | Lair:4   | Killed Seevig's ghost
 19198 | Lair:4   | Got the ring of Bolohu {Fire}
 19205 | Lair:4   | Identified the ring of Bolohu {Fire rPois Str+4 Stlth+}
                  | (You found it on level 4 of the Lair of Beasts)
 19233 | Lair:4   | Reached XP level 14. HP: 99/114 MP: 22/22
 19407 | Lair:5   | Reached skill level 12 in Fighting
 19814 | Lair:5   | Found a runed translucent door.
 19815 | Lair:5   | Found a viscous altar of Jiyva.
 19827 | Lair:5   | Found a staircase to the Slime Pits.
 19835 | Lair:5   | Received a gift from Okawaru
 20195 | Lair:6   | Entered Level 6 of the Lair of Beasts
 20515 | Lair:6   | Received a gift from Okawaru
 20622 | Lair:6   | Reached XP level 15. HP: 114/122 MP: 23/23
 21845 | Orc:1    | Entered Level 1 of the Orcish Mines
 22049 | Orc:2    | Entered Level 2 of the Orcish Mines
 22103 | Orc:2    | Noticed Jorgrun
 22118 | Orc:2    | Killed Jorgrun
 22165 | Orc:2    | Reached skill level 13 in Fighting
 22283 | Orc:2    | Found a roughly hewn altar of Beogh.
 22425 | Orc:2    | Found Naaneif's Book Boutique.
 22477 | Orc:2    | Found Seempath's Assorted Antiques.
 22516 | Orc:2    | Bought a potion of resistance for 320 gold pieces
 22516 | Orc:2    | Bought a scroll of remove curse for 96 gold pieces
 22516 | Orc:2    | Bought a potion of brilliance for 128 gold pieces
 22516 | Orc:2    | Bought a potion of mutation for 256 gold pieces
 22516 | Orc:2    | Bought a potion of lignification for 96 gold pieces
 22792 | Orc:2    | Received a gift from Okawaru
 22918 | Orc:2    | Found a staircase to the Elven Halls.
 23030 | Orc:2    | Got a sparkling wooden ring
 23031 | Orc:2    | Identified the cursed ring "Retwafes" {rF- Str-4 Int+2
                  | Dex+3} (You found it on level 2 of the Orcish Mines)
 23220 | Orc:2    | Found a roughly hewn altar of Beogh.
 23222 | Orc:2    | Noticed an orc warlord
 23244 | Orc:2    | Killed an orc warlord
 23341 | Orc:2    | Found Paujoim's Antique Weapon Boutique.
 23359 | Orc:2    | Bought a runed broad axe for 175 gold pieces
 23407 | Orc:2    | Received a gift from Okawaru
 23407 | Orc:2    | Reached skill level 10 in Armour
 23470 | Orc:2    | Found Jethoyro's Food Shoppe.
 23510 | Orc:2    | Bought a ration for 70 gold pieces
 23510 | Orc:2    | Bought a ration for 70 gold pieces
 23510 | Orc:2    | Bought a ration for 70 gold pieces
 24232 | D:13     | Noticed Sonja
 24236 | D:13     | Killed Sonja
 25238 | D:14     | Gained mutation: You are mostly covered in sharp spines.
                  | [demonic ancestry]
 25238 | D:14     | Reached XP level 16. HP: 117/132 MP: 24/24
 25669 | D:14     | Reached skill level 14 in Fighting
 25675 | D:14     | Found a gate to the Vaults.
 25965 | D:15     | Entered Level 15 of the Dungeon
 25979 | D:15     | Received a gift from Okawaru
 26001 | D:15     | Identified the +1 dire flail "Kioheadi" {venom, rN+++ Int-3
                  | Dex+3 SInv} (Okawaru gifted it to you on level 15 of the
                  | Dungeon)
 26014 | D:15     | Noticed Nessos
 26019 | D:15     | Killed Nessos
 26019 | D:15     | Reached skill level 10 in Dodging
 26047 | D:15     | Noticed Josephine
 26067 | D:15     | Killed Josephine
 26295 | D:15     | Received a gift from Okawaru
 26367 | D:15     | Found a shimmering altar of Xom.
 26417 | D:15     | Noticed Rupert
 26425 | D:15     | Killed Rupert
 26528 | D:15     | Found a staircase to the Depths.
 27073 | D:11     | Killed xzight's ghost
 27138 | D:10     | Killed patan's ghost
 27317 | Lair:2   | Killed Qrupt's ghost
 27323 | Lair:2   | Killed Elebi's ghost
 27328 | Lair:2   | Killed DungeonDestroyer's ghost
 27504 | Swamp:1  | Entered Level 1 of the Swamp
 27509 | Swamp:1  | Found a transporter.
 27510 | Swamp:1  | Noticed a thorn hunter
 27513 | Swamp:1  | Noticed a thorn hunter
 27528 | Swamp:1  | Found a transporter.
 27529 | Swamp:1  | Found a transporter.
 27628 | Swamp:1  | Found a transporter.
 27629 | Swamp:1  | Found a transporter.
 28033 | Swamp:1  | Received a gift from Okawaru
 28451 | Swamp:2  | Gained mutation: You have hooves in place of feet. [demonic
                  | ancestry]
 28451 | Swamp:2  | Reached XP level 17. HP: 140/140 MP: 25/25
 29136 | Swamp:3  | Reached skill level 15 in Fighting
 30113 | Swamp:4  | Entered Level 4 of the Swamp
 30394 | Swamp:4  | Received a gift from Okawaru
 30498 | Swamp:4  | Got a decaying rune of Zot
 31230 | Snake:1  | Entered Level 1 of the Snake Pit
 31248 | Snake:1  | Noticed Agnes
 31256 | Snake:1  | Killed Agnes
 31315 | Snake:1  | Reached skill level 5 in Spellcasting
 31488 | Snake:1  | Noticed Aizul
 31502 | Snake:1  | Killed Aizul
 31727 | Snake:1  | Received a gift from Okawaru
 31936 | Snake:1  | Got a slimy cloak
 31937 | Snake:1  | Identified the +0 cloak of the Barnacle {Regen+} (You found
                  | it on level 1 of the Snake Pit)
 32361 | Snake:2  | Gained mutation: When low on magic, you restore magic in
                  | place of health. [demonic ancestry]
 32361 | Snake:2  | Reached XP level 18. HP: 150/151 MP: 26/26
 32597 | Snake:2  | Found Qeoziurch's Magic Scroll Boutique.
 32708 | Snake:2  | Bought a scroll of teleportation for 48 gold pieces
 32708 | Snake:2  | Bought a scroll of teleportation for 48 gold pieces
 32708 | Snake:2  | Bought a scroll of enchant weapon for 120 gold pieces
 32708 | Snake:2  | Bought a scroll of summoning for 152 gold pieces
 32708 | Snake:2  | Bought a scroll of identify for 32 gold pieces
 32708 | Snake:2  | Bought a scroll of remove curse for 48 gold pieces
 32708 | Snake:2  | Bought 2 scrolls of remove curse for 96 gold pieces
 32708 | Snake:2  | Bought a scroll of remove curse for 48 gold pieces
 33198 | Snake:3  | Reached skill level 16 in Fighting
 33974 | Snake:3  | Found Ismu Gearph's Gadget Shoppe.
 33974 | Snake:3  | Found Udaczega's Jewellery Shop.
 33976 | Snake:3  | Found Kooguup's Jewellery Shop.
 34145 | Snake:4  | Entered Level 4 of the Snake Pit
 34145 | Snake:4  | Found Muratouc's Jewellery Emporium.
 34291 | Snake:4  | Noticed Vashnia
 34816 | Elf:1    | Entered Level 1 of the Elven Halls
 34931 | Elf:1    | Noticed Frances
 34940 | Elf:1    | Killed Frances
 35085 | Elf:1    | Received a gift from Okawaru
 35147 | Elf:1    | Found Iretseidas's Food Boutique.
 36006 | Elf:1    | Noticed Asterion
 36030 | Elf:1    | Killed Asterion
 36222 | Elf:2    | Found Leraesky's Magic Scroll Boutique.
 36241 | Elf:2    | Bought 3 scrolls of teleportation for 126 gold pieces
 36241 | Elf:2    | Bought a scroll of blinking for 105 gold pieces
 36241 | Elf:2    | Bought a scroll of blinking for 105 gold pieces
 36241 | Elf:2    | Bought a scroll of enchant weapon for 105 gold pieces
 36241 | Elf:2    | Bought a scroll of magic mapping for 49 gold pieces
 36552 | Elf:2    | Found a runed translucent gate.
 36552 | Elf:2    | Found a runed translucent gate.
 36553 | Elf:2    | Found a runed translucent gate.
 36572 | Elf:2    | Gained mutation: You are surrounded by a strong repulsion
                  | field. (EV +4, RMsl) [demonic ancestry]
 36572 | Elf:2    | Reached XP level 19. HP: 155/159 MP: 31/31
 36896 | Elf:3    | Entered Level 3 of the Elven Halls
 37103 | Elf:3    | Found Kymp's Antique Armour Emporium.
 37231 | Elf:3    | Found Intepuji's Antique Armour Shop.
 37317 | Elf:3    | Found Wepty's General Store.
 37596 | Vaults:1 | Entered Level 1 of the Vaults
 37928 | Vaults:1 | Received a gift from Okawaru
 38361 | Vaults:1 | Reached skill level 17 in Fighting
 38857 | Vaults:1 | Found Innuwny's Gadget Shoppe.
 39274 | Vaults:2 | Found Plog's Assorted Antiques.
 39661 | Vaults:2 | Found a staircase to the Crypt.
 39661 | Vaults:2 | Found a basalt altar of Yredelemnul.
 39662 | Vaults:2 | Found an ancient bone altar of Kikubaaqudgha.
 40426 | Vaults:2 | Identified Sif Muna's Disquisition on Floating Poison
 41083 | Vaults:3 | Received a gift from Okawaru
 41128 | Vaults:3 | Reached skill level 10 in Spellcasting
 41484 | Vaults:4 | Found a portal to a secret trove of treasure.
 41672 | Vaults:4 | Reached XP level 20. HP: 157/168 MP: 34/34
 42187 | Vaults:4 | Received a gift from Okawaru
 42315 | Vaults:4 | Reached skill level 15 in Armour
 42530 | Vaults:4 | Received a gift from Okawaru
 43747 | Vaults:3 | Reached skill level 18 in Fighting
 44168 | Vaults:3 | Received a gift from Okawaru
 44932 | Depths:1 | Entered Level 1 of the Depths
 44939 | Depths:1 | Reached skill level 15 in Dodging
 45295 | Elf:3    | Bought an emerald-encrusted troll leather armour for 680
                  | gold pieces
 45295 | Elf:3    | Identified the cursed +0 troll leather armour of Fedhas's
                  | Favour {-Tele rF+ Regen+ Slay+2} (You bought it in a shop
                  | on level 3 of the Elven Halls)
 45598 | Elf:3    | Received a gift from Okawaru
 45599 | Elf:3    | Got a scorched ring mail {god gift}
 45661 | Elf:3    | Gained mutation: You are completely covered in sharp
                  | spines. [demonic ancestry]
 45661 | Elf:3    | Reached XP level 21. HP: 107/178 MP: 36/36
 45751 | Elf:3    | Identified the +6 executioner's axe "Hydra's Doom"
                  | {protect, *Rage rC+ SInv}
 45994 | Elf:3    | Got a scorched platinum ring
 45996 | Elf:3    | Identified the +4 ring mail "Meoddibb" {SInv} (Okawaru
                  | gifted it to you on level 3 of the Elven Halls)
 45997 | Elf:3    | Identified the ring "Fuengaamo" {Wiz rC- MP+9 Dex+5 Stlth+}
                  | (You found it on level 3 of the Elven Halls)
 46005 | Elf:3    | Identified the +11 tower shield of Anarchy {SInv} (You
                  | found it on level 3 of the Elven Halls)
 46015 | Elf:3    | Got a pair of slimy gloves
 46016 | Elf:3    | Identified the cursed +0 pair of gloves "Puxufeomm" {Dex+3
                  | SInv Stlth+} (You found it on level 3 of the Elven Halls)
 46022 | Elf:3    | Identified the ring of the Lumpy Runes {rN+ Int+4 Dex+3}
                  | (You found it on level 3 of the Elven Halls)
 46282 | Elf:2    | Reached skill level 1 in Shields
 46541 | Elf:2    | Reached skill level 5 in Axes
 47331 | Snake:4  | Killed Vashnia
 47494 | Snake:4  | Identified Roxanne's Papyrus of Transmutation
 47494 | Snake:4  | Noticed Roxanne
 47564 | Snake:4  | Killed Roxanne
 47697 | Snake:4  | Received a gift from Okawaru
 47715 | Snake:4  | Reached skill level 5 in Shields
 47790 | Snake:4  | Noticed Mara
 47812 | Snake:4  | Killed Mara
 47824 | Snake:4  | Identified the ring of Incredulity {rF- rC++ Dex+5 Stlth+}
 47826 | Snake:4  | Got a serpentine rune of Zot
 47852 | Snake:4  | Received a gift from Okawaru
 47868 | Snake:4  | Reached skill level 10 in Axes
 48753 | Elf:2    | Bought a scroll of enchant weapon for 105 gold pieces
 48753 | Elf:2    | Bought a scroll of identify for 28 gold pieces
 48753 | Elf:2    | Bought a scroll of identify for 28 gold pieces
 48753 | Elf:2    | Bought a scroll of identify for 28 gold pieces
 49054 | Vaults:2 | Bought a scroll of enchant weapon for 322 gold pieces
 49054 | Vaults:2 | Bought a scroll of teleportation for 129 gold pieces
 49466 | Depths:1 | Received a gift from Okawaru
 49581 | Depths:1 | Noticed Nikola
 49598 | Depths:1 | Killed Nikola
 49598 | Depths:1 | Reached XP level 22. HP: 168/185 MP: 33/37
 49618 | Depths:1 | Paralysed by a sphinx for 5 turns
 49626 | Depths:2 | Noticed Saint Roka
 49634 | Depths:2 | Noticed a caustic shrike
 49634 | Depths:2 | Noticed a golden dragon
 49817 | Depths:2 | Received a gift from Okawaru
 49940 | Depths:2 | You fall into a shaft and drop 1 floor!
 50122 | Depths:2 | Killed a caustic shrike
 50125 | Depths:2 | HP: 6/185 [caustic shrike simulacrum[a necromancer] (24)]
 50129 | Depths:2 | Demolished by a caustic shrike simulacrum

Illustrated notes

Levels and vault maps discovered:
D:1:      dpeg_arrival_water_temple_mockup, layout_basic
D:2:      layout_loops_ring, serial_forest, infiniplex_forest_clump_C,
          infiniplex_forest_clump_double, infiniplex_forest_clump_double,
          infiniplex_forest_clump_small, infiniplex_forest_end_3,
          infiniplex_forest_straight_4, infiniplex_forest_clump_C,
          infiniplex_forest_fountain, first_ration
D:3:      layout_basic, grunt_gozag_breadcrumbs
D:4:      layout_basic, nrook_mini_vaults, uniq_ijyb
D:5:      layout_basic, marbit_many_paths, uniq_prince_ribbit1
D:6:      layout_gridville, minmay_temple_entry_junction
D:7:      layout_layer_cave
D:8:      cheibrodos_fzero, layout_layer_cave, serial_shops, shop
D:9:      minmay_slanted_spiral_squares, layout_stronghold, david_nohive_1,
          minivault_5
D:10:     cheibrodos_orc_bank, layout_long_grid, ebering_ghost_xom,
          serial_shops, shop, uniq_nergalle
D:11:     layout_rooms, hellmonk_ghost_happy_afterlife, guppyfry_shop_venom
D:12:     layout_cave_pools, minmay_orc_entry_temple_small, xom_teletrap_fun
D:13:     layout_irregular_city, uniq_sonja
D:14:     layout_roguey, david_vaults_5, ebering_dispersal_statue_hall,
          eino_jars
D:15:     grunt_enter_depths_hoard, layout_loops_ring, minmay_tree_intersection,
          basic_altar, uniq_rupert, uniq_nessos, uniq_josephine
Temple:   minmay_crystal_snake_temple
Lair:1:   layout_loops_ring, lemuel_fruit_tree, grunt_megastairs_3
Lair:2:   dpeg_oklob_gauntlet, layout_hall_layers,
          portal_ice_cave_entry_ice_beasts, gammafunk_ghost_cemetery,
          serial_bayou_pond_a, chequers_serial_rivers_micro_a, st_stairs_11,
          cheibrodos_lair_reptile_den
Lair:3:   layout_concentric_octagons, uniq_snorg
Lair:4:   layout_gridlike, minmay_swamp_entry_worms,
          guppyfry_snake_entry_island, gammafunk_ghost_icy
Lair:5:   layout_loops_ring, slime_altar_2, bobbens_ice_dragon_lair
Lair:6:   evilmike_catoblepas_cave, layout_concentric_octagons
Swamp:1:  gammafunk_the_bubble [the_bubble_gammafunk_roulette],
          layout_falls_marsh, evilmike_swamp_ruin_house_4, swamp_pool5,
          nicolae_swamp_dense_foliage
Swamp:2:  layout_basic_swamp, serial_swamp_ruin, evilmike_swamp_ruin_rubble_1,
          evilmike_swamp_ruin_house_3, infiniplex_staircase_pool_2
Swamp:3:  layout_basic_swamp, evilmike_swamp_ruin_rubble_2, swamp_pool1,
          ldierk_geyser, hangedman_swamp_dais
Swamp:4:  swamp_fiery, layout_basic_swamp, infiniplex_staircase_pool
Snake:1:  layout_concentric_octagons, grunt_ministairs_14,
          nicolae_large_snake_swirl, uniq_agnes, uniq_aizul
Snake:2:  layout_cave_town, serial_shops, shop_fountains, grunt_ministairs_14
Snake:3:  layout_misc_corridors, st_stairs_5, minmay_shop_grove
Snake:4:  snake_pit, layout_misc_corridors, minmay_shop_enchanted_jewellery,
          grunt_ministairs_11, uniq_roxanne, uniq_mara, uniq_vashnia
Orc:1:    layout_diamond_mine, uniq_gastronok
Orc:2:    pubby_orc_utopia, uniq_jorgrun
Elf:1:    layout_onion_city, serial_shops, nicolae_shop_statue_plus,
          hangedman_elf_represent, uniq_frances, uniq_asterion
Elf:2:    layout_loops_ring, serial_shops, nicolae_shop_waterfront
Elf:3:    elf_hall, layout_geoelf_octagon, serial_shops, shop, shop, shop_statue
Vaults:1: dpeg_vaults_monster_row, nicolae_vaults_network_periphery,
          vaults_room_octagon, ontoclasm_vaults_spin, nicolae_vaults_rhombus_5,
          v_misc_1, ontoclasm_vaults_hangar, nicolae_vaults_little_squares_4,
          layout_vaults_chaotic_city, serial_shops, shop
Vaults:2: v_rooms_1, minmay_crypt_entry_necro_gods, hangedman_vaults_cutoff,
          v_alt_pattern_4, nicolae_vaults_yaktaur_gun_rack,
          hangedman_vaults_pinch, grunt_vaults_swirl, v_misc_25, v_misc_8,
          grunt_vaults_diagonal, nicolae_vaults_border_crossing,
          layout_vaults_big_cross, serial_shops, shop
Vaults:3: hangedman_vaults_capsules, nicolae_vaults_stairing_the_circle,
          nicolae_vaults_triangles, nicolae_vaults_diagonal_hallway_7,
          nicolae_vaults_little_squares_5, v_misc_26, nicolae_vaults_big_ls,
          v_misc_13, vaults_mumra_minichess, nicolae_vaults_ring_of_whatevers,
          vaults_room_ringed_pool, nicolae_vaults_rhombus_6, v_misc_15,
          layout_vaults_maze_snakey
Vaults:4: ontoclasm_vaults_tryst, v_misc_13, ontoclasm_vaults_ring_small,
          vaults_room_large_hall, ontoclasm_vaults_gateway,
          vaults_standard_mumra_x, v_misc_27, ontoclasm_vaults_shuriken,
          dpeg_vaults_monster_box, layout_vaults_quadrants, enter_trove_6
Depths:1: minmay_glassy_protrusions, layout_cave_shapes,
          grunt_hell_entry_dis_mu, st_stairs_8, tso_altar, uniq_nikola
Depths:2: kennysheep_bubble_arena, layout_basic, rand_demon_pan_entry_8,
          hell_entry, serial_shops, shop_statue, evilmike_ruin_ashenzari,
          minmay_misc_feat_rows, uniq_saint_roka
Depths:3: minmay_chopped_fan, layout_cave_shapes, pan_entry, lightli_too_deep,
          serial_glass, glass_columns_a, glass_columns_a, glass_columns_b,
          glass_columns_a, glass_columns_a, minmay_strange_pillars,
          feat_on_display, item_on_display_a, minmay_strange_pillars,
          hangedman_decor_opposing, serial_shops, shop, hangedman_summoners_spam

Skill      XL: |  1  2  3  4  5  6  7  8  9 10 11 12 13 14 15 16 17 18 19 20 21 22 |
---------------+-------------------------------------------------------------------+-----
Fighting       | 1 2 3 4 5 6 7 9 10 11 12 13 14 15 16 17 18 | 18.5
Maces & Flails | 1 2 3 4 5 7 8 9 10 12 13 14 | 14.6
Air Magic      | 1 2 3 |  3.7
Conjurations   | 2 4 6 7 |  7.0
Invocations    | 4 7 9 11 | 11.0
Armour         | 2 4 6 7 8 10 11 12 13 14 15 | 15.8
Dodging        | 2 5 6 7 9 11 12 13 14 15 | 15.3
Axes           | 2 3 11 12 | 12.2
Spellcasting   | 5 8 10 11 | 11.8
Shields        | 8 9 |  9.0
Stealth        | |  1.7
Transmutations | |  0.8
Poison Magic   | |  3.5

Action                   |  1- 3 |  4- 6 |  7- 9 | 10-12 | 13-15 | 16-18 | 19-21 | 22-24 || total
-------------------------+-------+-------+-------+-------+-------+-------+-------+-------++-------
Melee: Club              |    37 |       |       |       |       |       |       |       ||    37
       Flail             |   107 |       |       |       |       |       |       |       ||   107
       Morningstar       |     1 |    73 |   169 |   579 |       |       |       |       ||   822
       Kick              |       |     6 |    52 |   124 |       |   218 |   439 |    34 ||   873
       War axe           |       |       |       |    27 |    52 |       |       |       ||    79
       Dire flail        |       |       |       |       |   794 |  1125 |   864 |       ||  2783
       Broad axe         |       |       |       |       |       |       |   309 |    65 ||   374
Throw: Dart              |     5 |       |     5 |       |       |       |     1 |       ||    11
       Throwing net      |       |       |       |     4 |     1 |     1 |     1 |       ||     7
 Cast: Sting             |    26 |     7 |       |       |       |       |       |       ||    33
       Poisonous Vapours |       |     2 |       |       |       |       |       |       ||     2
Invok: Heroism           |       |       |     1 |     7 |     9 |     8 |     8 |     2 ||    35
       Finesse           |       |       |       |     3 |     6 |     7 |    13 |     1 ||    30
Evoke: Wand              |       |     9 |    18 |     2 |     2 |     4 |     7 |     6 ||    48
  Use: Potion            |     4 |     5 |     4 |     4 |     5 |     3 |    15 |    10 ||    50
       Scroll            |       |     6 |     7 |    13 |    13 |    11 |    42 |     5 ||    97
 Stab: Sleeping          |       |     2 |     1 |     1 |    12 |     4 |     8 |       ||    28
       Distracted        |       |       |     2 |     1 |     2 |       |     2 |       ||     7
       Invisible         |       |       |     2 |       |    13 |       |       |       ||    15
       Held in net/web   |       |       |       |     4 |       |       |     2 |       ||     6
       Confused          |       |       |       |       |     2 |       |       |       ||     2
  Eat: Chunk             |     7 |     6 |     9 |    13 |    22 |     9 |    21 |     1 ||    88
       Ration            |       |     1 |     2 |     3 |     1 |     8 |     6 |     1 ||    22
Armor: Leather armour    |    18 |    13 |    25 |       |       |       |       |       ||    56
       Ring mail         |       |       |     2 |   318 |   200 |   344 |   171 |    18 ||  1053
Dodge: Dodged            |    40 |    51 |    95 |   407 |   498 |   813 |   698 |    43 ||  2645
       Repelled          |       |       |       |       |       |       |    99 |       ||    99
Block: Kite shield       |       |       |       |       |       |       |   201 |    49 ||   250
